 Dungeon Crawl Stone Soup version 0.20.0-15-g7f486f2 (webtiles) character file.

42 buf2 the Covered (level 3, -9/25 HPs)
             Began as a Human Wanderer on June 22, 2017.
             Mangled by Crazy Yiuf
             ... wielding a +2 quarterstaff of chaos
              (10 damage)
             ... on level 2 of the Dungeon.
             The game lasted 00:12:38 (1213 turns).

buf2 the Covered (Human Wanderer)                   Turns: 1213, Time: 00:12:43

Health: -9/25      AC:  7    Str: 18    XL:     3   Next: 77%
Magic:  4/6        EV:  9    Int: 16    God:
Gold:   50         SH:  0    Dex: 13    Spells: 5/6 levels left

rFire    . . .     SeeInvis .   b - +0 falchion (holy)
rCold    . . .     Gourm    .   (no shield)
rNeg     . . .     Faith    .   l - +1 scale mail {MR+}
rPois    .         Spirit   .   (no helmet)
rElec    .         Reflect  .   (no cloak)
rCorr    .         Harm     .   (no gloves)
MR       +....                  (no boots)
Stlth    ..........             (no amulet)
Regen    0.1/turn               p - ring of wizardry
MPRegen  0.1/turn               (no ring)

@: mighty, brilliant, lethally poisoned (-9 -> -21), drained
A: no striking features
a: no special abilities


You were on level 2 of the Dungeon.
You were not hungry.

You visited 1 branch of the dungeon, and saw 2 of its levels.

You collected 50 gold pieces.

Inventory:

Hand Weapons
 a - a +0 blowgun
 b - a +0 falchion of holy wrath (weapon)
 o - a +0 club
 y - a +0 hand axe
Missiles
 c - 10 poisoned needles
 e - 79 stones (quivered)
 k - 45 bolts
 t - 13 sling bullets
Armour
 d - a +2 scale mail
 l - a +1 scale mail of magic resistance (worn)
Jewellery
 p - a ring of wizardry (left hand)
Scrolls
 g - a scroll of enchant weapon {unknown}
 m - a scroll of identify {unknown}
 r - a scroll of fear {unknown}
 v - a scroll of enchant armour {unknown}
 w - a scroll of fog {unknown}
Potions
 i - a potion of heal wounds {unknown}
 j - a potion of cancellation
 u - a potion of resistance {unknown}
 z - a potion of ambrosia {unknown}
Books
 h - the Guide on Poison

   Spells                             Type                      Level
   a - Sting                          Conjuration/Poison           1
   b - Mephitic Cloud                 Conjuration/Poison/Air       3
Comestibles
 f - 3 bread rations
 q - 7 fruits


   Skills:
 + Level 0.4(0.0) Fighting
 + Level 0.4(0.3) Axes
 + Level 1.0(0.6) Maces & Flails
 + Level 1.5(1.0) Throwing
 + Level 2.4(1.9) Armour
 + Level 1.0(0.5) Dodging
 + Level 1.0(0.5) Stealth
 + Level 0.2(0.0) Unarmed Combat
 + Level 2.3(1.9) Spellcasting
 + Level 0.4(0.0) Conjurations
   Level 1.0(0.5) Necromancy
   Level 2.0(1.5) Earth Magic
 + Level 0.2(0.0) Poison Magic


You had 5 spell levels left.
You knew the following spells:

 Your Spells              Type           Power        Failure   Level  Hunger
a - Sting                 Conj/Pois      ##..         8%          1    #......


Dungeon Overview and Level Annotations

Branches:
Dungeon (2/15)

Altars:

Annotations:
D:2 Crazy Yiuf


Message History

You can move again.
It was a potion of cancellation.
You feel magically purged.
Crazy Yiuf looks more healthy.
Crazy Yiuf cries, "You leg down broken song, no?"
Crazy Yiuf closely misses you.
It was a potion of brilliance.
You feel clever all of a sudden.
You feel sick. Crazy Yiuf closely misses you.
You barely miss Crazy Yiuf.
Crazy Yiuf is severely wounded.
Crazy Yiuf hits you with a quarterstaff of chaos.
* * * LOW HITPOINT WARNING * * *
You are more poisoned.
It was a potion of might.
You feel very mighty all of a sudden.
* * * LOW HITPOINT WARNING * * *
You feel sick.
Crazy Yiuf cries, "Pitchfork poople alas!"
Crazy Yiuf hits you with a quarterstaff of chaos!
You die...

##..#####.# ######## #....#
#.###....... #....#
#.......#### #...##
#####.....# ###### ##.##
#.#.#.# ######....## #.##
#.#..... #..........# ##.#
#)###... #.####.##.## #.##
#....... #.# #.##.# ##@#
#.####.. #.# #.##.# #g# #†#
. #.# #.##.# .(. #.# # #.#
#.##.## #.(.# #.# #.#
#.....# #..)# #.# ### #.#
####..# ##### #####.# ...#
#.# #### #.....#..... #.#
##################..)......
#.#
#...........##..##.###.....


You could see Crazy Yiuf.

Vanquished Creatures
  An adder (D:2)
  2 dart slugs (D:1)
  6 goblins
  A hobgoblin (D:1)
  5 kobolds
  A quokka (D:2)
  6 bats
  2 frilled lizards
  3 rats (D:1)
27 creatures vanquished.

Notes
Turn   | Place    | Note
-------+----------+-------------------------------------------
     0 | D:1      | buf2 the Human Wanderer began the quest for the Orb.
     0 | D:1      | buf2 set off with: a +2 scale mail, the Guide on Poison, 13 poisoned needles, a +0 blowgun, a bread ration
     0 | D:1      | Reached XP level 1. HP: 13/13 MP: 3/3
     4 | D:1      | Learned a level 1 spell: Sting
   158 | D:1      | Reached XP level 2. HP: 19/19 MP: 5/5
   262 | D:1      | Identified the Guide on Poison
   411 | D:1      | Reached XP level 3. HP: 22/24 MP: 6/6
   969 | D:2      | Reached skill level 1 in Dodging
  1195 | D:2      | Found a runed door.
  1199 | D:2      | Noticed Crazy Yiuf
  1206 | D:2      | Paralysed by Crazy Yiuf for 4 turns
  1213 | D:2      | HP: 1/25 [poisoned by Crazy Yiuf]
  1213 | D:2      | Mangled by Crazy Yiuf

Skill      XL: |  1  2  3 |
---------------+----------+-----
Dodging        | 1 |  1.0
Fighting       | |  0.4
Axes           | |  0.4
Maces & Flails | |  1.0
Throwing       | |  1.5
Armour         | |  2.4
Stealth        | |  1.0
Unarmed Combat | |  0.2
Spellcasting   | |  2.3
Conjurations   | |  0.4
Necromancy     | |  1.0
Earth Magic    | |  2.0
Poison Magic   | |  0.2

Action                   || total
-------------------------++-------
Melee: Club              ||     3
       Unarmed           ||     3
       Blowgun           ||     1
       Hand axe          ||    65
       Falchion          ||    23
 Fire: Blowgun           ||    10
 Cast: Sting             ||     3
  Use: Potion            ||     3
  Eat: Royal jelly       ||     1
Armor: Scale mail        ||    77
Dodge: Dodged            ||    54
       Rpst.: Falchion   ||     4
